 Dungeon Crawl Stone Soup version 0.29-a0-284-gf9362112df (webtiles) character file.

Game seed: 4620079484666630024

4606 mistaj the Fighter (level 10, -1/52 HPs)
             Began as a Vine Stalker Fighter on Mar 23, 2022.
             Was a Follower of Hepliaklqana.
             Succumbed to a rakshasa's poison
             ... on level 7 of the Dungeon.
             The game lasted 00:18:55 (7594 turns).

mistaj the Fighter (Vine Stalker Fighter)           Turns: 7594, Time: 00:18:55

Health: -1/52      AC: 17    Str: 24    XL:     10   Next: 42%
Magic:  7/18       EV:  6    Int: 14    God:    Hepliaklqana [*.....]
Gold:   118        SH:  4    Dex: 13    Spells: 19/19 levels left

rFire   . . .      SeeInvis .   b - +2 short sword (drain)
rCold   . . .      Faith    .   c - +0 buckler
rNeg    . . .      Spirit   +   E - +0 plate armour
rPois   .          Reflect  .   j - +1 helmet
rElec   .          Harm     .   D - +2 cloak {Will+}
rCorr   +          Rampage  .   m - +0 pair of gloves
Will    ++...                   (no boots)
Stlth   ..........              C - amulet of magic regeneration
HPRegen 0.97/turn               r - +6 ring of intelligence
MPRegen 0.56/turn               w - ring of resist corrosion

@: lethally poisoned (-1 -> -9)
A: reduced essence, fangs 3, regeneration 1, magic shield, antimagic bite, no
potion heal 2
a: Renounce Religion, Recall Ancestor, Ancestor Identity


You were on level 7 of the Dungeon.
You worshipped Hepliaklqana.
Hepliaklqana was aware of your devotion.
You visited 1 branch of the dungeon, and saw 7 of its levels.
You also visited: Sewer and Bailey.

You collected 365 gold pieces.
You spent 247 gold pieces at shops.

Inventory:

Hand Weapons
 b - a +2 short sword of draining (weapon)
 A - a +2 whip of electrocution
Missiles
 g - 2 throwing nets (quivered)
Armour
 c - a +0 buckler (worn)
 i - a +0 pair of gloves
 j - a +1 helmet (worn)
 m - a +0 pair of gloves (worn)
 D - a +2 cloak of willpower (worn)
 E - a +0 plate armour (worn)
Jewellery
 r - a +6 ring of intelligence (left hand)
 w - a ring of resist corrosion (right hand)
 C - an amulet of magic regeneration (around neck)
Wands
 t - a wand of flame (66)
Scrolls
 a - 4 scrolls of teleportation
 s - 3 scrolls of identify
 y - a scroll of fog {unknown}
 B - a scroll of fear {unknown}
 F - 3 scrolls of summoning {unknown}
Potions
 d - a potion of might
 e - 2 potions of flight {unknown}
 f - a potion of lignification {unknown}
 h - a potion of magic {unknown}
 k - a potion of cancellation {unknown}
 l - 4 potions of curing
 n - a potion of mutation {unknown}
 o - a potion of ambrosia {unknown}
 p - a potion of haste {unknown}
 q - 2 potions of resistance {unknown}
 u - 2 potions of brilliance
 v - a potion of attraction {unknown}
 x - a potion of degeneration {unknown}
 z - a potion of heal wounds {unknown}


   Skills:
 + Level 9.5 Fighting
 + Level 9.3 Short Blades
 - Level 2.4 Armour
 - Level 2.6 Shields
 - Level 5.1 Spellcasting


You had 19 spell levels left.
You didn't know any spells.
Your spell library contained the following spells:

 Spells                   Type           Power      Damage    Failure   Level
 Corpse Rot               Necr/Air       6%         N/A       100%        2
 Ensorcelled Hibernation  Hex/Ice        6%         N/A       100%        2
 Poisonous Vapours        Pois/Air       6%         N/A       100%        2
 Spider Form              Tmut/Pois      3%         N/A       100%        3
 Anguish                  Hex/Necr       1%         N/A       100%        4


Dungeon Overview and Level Annotations

Branches:
Dungeon (7/15)             Temple (0/1) D:7           Sewer (visited)
 Bailey (visited)

Altars:
Hepliaklqana
Kikubaaqudgha
Vehumet
Wu Jian
The Shining One

Shops:
D:5 (   D:6 *[


Innate Abilities, Weirdness & Mutations

Your life essence is reduced to manifest your ancestor. (-10% HP)
You have razor-sharp teeth.
Your natural rate of healing is unusually fast.
When hurt, damage is shared between your health and your magic reserves.
Your bite disrupts and absorbs the magic of your enemies.
Potions cannot restore your health.


Message History

You hit the rakshasa. Your bite misses the rakshasa.
The rakshasa is moderately wounded.
You feel sick.
The rakshasa hits you with a +3 morningstar of venom.
You are more poisoned.
You hit the rakshasa but do no damage. Your bite misses the rakshasa.
The rakshasa is moderately wounded.
You feel very sick.
You hit the rakshasa.
The rakshasa is moderately wounded.
You feel very sick.
The rakshasa falters for a moment.
You hit the rakshasa. Your bite misses the rakshasa.
The rakshasa is moderately wounded.
You feel sick.
The rakshasa hits you with a +3 morningstar of venom!
* * * LOW HITPOINT WARNING * * *
You are lethally poisoned!
You closely miss the rakshasa.
You bite the rakshasa, but do no damage.
The rakshasa is moderately wounded.
* * * LOW HITPOINT WARNING * * *
You feel very sick.
You hit the rakshasa but do no damage. Your bite misses the rakshasa.
The rakshasa is moderately wounded.
* * * LOW HITPOINT WARNING * * *
You feel very sick.
The rakshasa hits you but does no damage.
You are more poisoned.
* * * LOW HITPOINT WARNING * * *
You feel extremely sick.
Sagil-Zimu barely misses the rakshasa.
You see here a sky beast corpse.
Your system rejects the healing.
You feel better. The rakshasa closely misses you.
Sagil-Zimu closely misses the rakshasa.
The rakshasa attacks as you move away!
The rakshasa hits you with a +3 morningstar of venom!
* * * LOW HITPOINT WARNING * * *
You are lethally poisoned!
You die...

*,**,*,**,*,******,,+,
*,*,♣,♣,*,*,*,,,+,,,*,
*,**.♣.**,*,+,,******,
**,*,♣.♣,*,,,****,,,,,,
**,,**♣.♣*********,*****
**,,,*♣♣.♣♣**≈≈≈≈≈*,*≈≈≈≈
*,,,,#♣...♣#≈≈≈≈≈≈*,*≈≈≈≈
*,,,,#.....#≈≈≈≈≈,,,,,≈≈≈
*,,,,#..@†.#≈≈≈≈,,,≈,,,≈≈
*,,,,#...†R#≈≈≈,,,≈≈≈,,,≈
*,,,,#.♣♣♣R#≈≈,,,≈≈≈≈≈,,,
*,,,,#♣,♣.♣♣♣♣....***,,,,
**,,,*,*♣♣.......#,,,*,,,
**,,#♣,♣R♣♣♣♣....***,,,,
***#.♣♣♣R#≈≈,,,≈≈≈≈≈,,,
#....)#≈≈≈,,,≈≈≈,,,≈
#.....#≈≈≈≈,,,≈,,,≈≈


You could see the friendly Sagil-Zimu the ancestor and a rakshasa (ally target,
magic disrupted).

Vanquished Creatures
  Grinder (D:5)
  Sigmund (D:3)
  A wyvern (D:7)
  3 yaks
  A black bear (D:4)
  3 water moccasins
  2 orc warriors
  A sky beast (D:7)
  4 wolves (Bailey)
  A phantom (D:5)
  5 bullfrogs
  2 kobold brigands
  2 gnoll sergeants (Bailey)
  2 necrophages (D:6)
  3 scorpions
  4 wights
  A howler monkey (D:4)
  5 orc priests
  5 hounds
  3 gnoll shamans
  Terence (D:3)
  3 iguanas
  10 orc wizards
  13 gnolls
  2 river rats (D:3)
  9 adders
  2 ufetubi
  6 worms
  4 dart slugs
  26 orcs
  10 endoplasms
  8 giant cockroaches
  11 goblins
  3 hobgoblins
  3 jackals (D:1)
  12 quokkas
  13 ball pythons
  A bat (D:2)
  13 frilled lizards
  8 kobolds
  2 rats
  A spectral orc (D:5)
211 creatures vanquished.

Vanquished Creatures (collateral kills)
  An orc warrior (D:6)
  A sky beast (D:7)
  An ogre (D:6)
  A necrophage (D:6)
  A howler monkey (D:7)
  An ufetubus (D:6)
6 creatures vanquished.

Vanquished Creatures (others)
  An orc (D:4)
  5 plants
  5 toadstools (D:1)
11 creatures vanquished.

Grand Total: 228 creatures vanquished

Notes
Turn   | Place    | Note
-------+----------+-------------------------------------------
     0 | D:1      | mistaj the Vine Stalker Fighter began the quest for the
                  | Orb.
     0 | D:1      | Reached XP level 1. HP: 11/11 MP: 2/2
   132 | D:1      | Reached XP level 2. HP: 16/16 MP: 2/4
   163 | D:1      | Reached skill level 1 in Spellcasting
   607 | D:1      | Reached XP level 3. HP: 8/20 MP: 1/5
  1643 | D:2      | Found a faded altar of an unknown god.
  1775 | D:2      | Gained mutation: Your natural rate of healing is unusually
                  | fast. [Vine Stalker growth]
  1775 | D:2      | Reached XP level 4. HP: 24/24 MP: 7/7
  2421 | D:3      | Found a glowing golden altar of the Shining One.
  2512 | D:3      | Found a glowing drain.
  2516 | Sewer    | Entered a sewer
  2619 | Sewer    | Reached XP level 5. HP: 28/28 MP: 9/9
  2781 | Sewer    | Reached XP level 6. HP: 17/33 MP: 2/11
  2895 | D:3      | Found an ancient bone altar of Kikubaaqudgha.
  2986 | D:3      | Noticed Terence
  2994 | D:3      | Killed Terence
  3399 | D:3      | Noticed Sigmund
  3701 | D:3      | Reached XP level 7. HP: 29/38 MP: 13/13
  3729 | D:3      | Killed Sigmund
  4196 | D:4      | Reached skill level 5 in Fighting
  4394 | D:4      | Gained mutation: You have razor-sharp teeth. [Vine Stalker
                  | growth]
  4394 | D:4      | Reached XP level 8. HP: 14/43 MP: 4/16
  4586 | D:4      | Reached skill level 5 in Short Blades
  4586 | D:4      | Reached skill level 5 in Spellcasting
  4832 | D:5      | Entered Level 5 of the Dungeon
  4955 | D:5      | Found Weczyne's Weapon Shop.
  4976 | D:5      | Found a hazy altar of Hepliaklqana.
  4995 | D:5      | Became a worshipper of Hepliaklqana the Forgotten
  5387 | D:5      | Noticed a yak
  5445 | D:5      | Noticed a yak
  5491 | D:4      | Killed a yak
  5515 | D:4      | Killed a yak
  5516 | D:4      | Reached XP level 9. HP: 34/50 MP: 11/17
  5900 | D:5      | Reached * piety under Hepliaklqana
  5966 | D:5      | Found an ornate altar of the Wu Jian Council.
  6120 | D:6      | Found Atew's Assorted Antiques.
  6380 | D:6      | Noticed Grinder
  6405 | D:5      | Killed Grinder
  6521 | D:6      | Found Yred's Antique Armour Shop.
  6524 | D:6      | Bought an embroidered cloak for 247 gold pieces
  6654 | D:6      | Found a radiant altar of Vehumet.
  6889 | D:7      | Found a staircase to the Ecumenical Temple.
  6977 | D:7      | Reached XP level 10. HP: 50/51 MP: 18/18
  7076 | D:7      | Found a flagged portal.
  7086 | Bailey   | Entered a bailey
  7575 | D:7      | Noticed a rakshasa
  7592 | D:7      | HP: 2/52 [poisoned by a rakshasa]
  7594 | D:7      | Succumbed to a rakshasa's poison

Illustrated notes

Levels and vault maps discovered:
D:1:      ldierk_walled_garden, layout_loops_ring, minmay_lizard_pond
D:2:      layout_basic, hellmonk_ecumenical_altar_blasted
D:3:      layout_loops_corners, mainiacjoe_overflow_chevrons,
          mainiacjoe_overflow_six_doors_small, gup_sewer_entry_bowl,
          uniq_sigmund, uniq_terence
D:4:      layout_loops_ring
D:5:      layout_cave_pools, nicolae_wu_jian_immortal_techniques,
          nicolae_hepliaklqana_monster_ancestors, serial_shops,
          nicolae_shop_bloodbath_and_beyond, grunt_decor_mini_mirrors
D:6:      layout_basic, vehumet_altar_wand_db, serial_shops,
          nicolae_shop_overgrown_old_shop, kennysheep_mini_moat,
          minmay_chambers_of_fives, uniq_grinder
D:7:      nzn_winding_woodlands_large [nzn_winding_woodlands_5x5_checkerboard,
          nzn_winding_woodlands_5x15_parted,
          nzn_winding_woodlands_5x5_closed_star,
          nzn_winding_woodlands_center_lodge,
          nzn_winding_woodlands_15x15_eel_pit,
          nzn_winding_woodlands_center_diamonds,
          nzn_winding_woodlands_5x5_default,
          nzn_winding_woodlands_5x15_longhouse,
          nzn_winding_woodlands_5x5_cross], layout_rooms,
          minmay_temple_entry_drinking_statues, enter_bailey_6,
          david_defended_altar_orc

Skill      XL: |  1  2  3  4  5  6  7  8  9 10 |
---------------+-------------------------------+-----
Short Blades   | 2 3 4 6 8 9 |  9.3
Spellcasting   | 1 2 3 4 5 |  5.1
Fighting       | 3 4 5 7 8 9 |  9.5
Armour         | |  2.4
Shields        | |  2.6

Action                   |  1- 3 |  4- 6 |  7- 9 | 10-12 || total
-------------------------+-------+-------+-------+-------++-------
Melee: Rapier            |    76 |       |       |       ||    76
       Bite              |    26 |    58 |   157 |    53 ||   294
       Dagger            |    43 |   237 |   338 |       ||   618
       Short sword       |       |       |   131 |   147 ||   278
  Use: Scroll            |       |     5 |       |     1 ||     6
       Potion            |       |       |       |     1 ||     1
 Stab: Distracted        |       |       |     3 |       ||     3
Armor: Scale mail        |    50 |    91 |   131 |       ||   272
       Chain mail        |       |       |    65 |       ||    65
       Plate armour      |       |       |    17 |    94 ||   111
Dodge: Dodged            |    26 |   105 |   167 |    54 ||   352
Block: Buckler           |    22 |    66 |    75 |    38 ||   201

Table legend: (Time is in decaauts)
 A = Elapsed time spent in this place.
 B = Non-inter-level travel time spent in this place.
 C = Inter-level travel time spent in this place.
 D = Time resting spent in this place.
 E = Time spent auto-exploring this place.
 F = Levels seen in this place.
 G = Mean time per level.
                   A        B        C        D        E       F      G
               +--------+--------+--------+--------+--------+-----+--------+
         Total |   7513 |   7194 |    319 |   1212 |   3376 |   9 |  834.8 |
       Dungeon |   6815 |   6496 |    319 |   1065 |   3376 |   7 |  973.6 |
         Sewer |    359 |    359 |      0 |     32 |      0 |   1 |  359.0 |
        Bailey |    338 |    338 |      0 |    115 |      0 |   1 |  338.0 |
               +--------+--------+--------+--------+--------+-----+--------+

Top non-repeatable levels by time:
     D:1: 1371 daAuts
     D:4: 1243 daAuts
     D:2: 1108 daAuts
     D:3: 1104 daAuts
     D:5: 949 daAuts
     D:6: 761 daAuts
   Sewer: 359 daAuts
  Bailey: 338 daAuts
     D:7: 276 daAuts
